[ AOE2 MATCH · #495867043 ]
UnrankedItalians vs Persians
Player's team · LOSS
Rival team · WIN
[ REPLAY ANALYSIS · EXTRACTED FROM THE RECORDED GAME ]
Feudal
9:43
Castle
19:12
Imperial
33:13
| APM avg | 59.6 |
| APM peak | 124 |
| eAPM avg | 37.5 |
| Villagers / military | 247 / 189 |
Focus
⚔️ 37.3% · 🌾 62.7%
Scout Cavalry ×70 · Skirmisher ×53 · Knight ×27 · Spearman ×24 · Monk ×9 · Trebuchet (Packed) ×6
Feudal
8:33
Castle
19:30
Imperial
—
| APM avg | 69.7 |
| APM peak | 147 |
| eAPM avg | 38.5 |
| Villagers / military | 212 / 514 |
Focus
⚔️ 38.0% · 🌾 62.0%
Knight ×267 · Scout Cavalry ×129 · Cavalry Archer ×77 · Battering Ram ×26 · Skirmisher ×6 · Archer ×3
Match map
Initial resources + every placement click. Lines = walls · curves = elevation contours. ◆ gold · ⬟ stone · ● berries · ✦ relic · ◌ wall gap
Your base· Open — opponent sealed themselves in
Yukasha's base· ✓ Closed at 19:30 · 37t walls · no gate
Smoothed initial terrain · ◌ = detected wall gap · hover for details
Inputs per minute
— 73_Quảng Bình - - Yukasha
Build order — 73_Quảng Bình
First 150 of 675 actions detected
| 0:00 | Create | Villager (Male) |
| 0:00 | Create | Villager (Male) |
| 0:01 | Create | Villager (Male) |
| 0:01 | Create | Villager (Male) |
| 0:02 | Build | House |
| 0:04 | Build | House |
| 1:30 | Create | Villager (Male) |
| 1:30 | Create | Villager (Male) |
| 1:30 | Create | Villager (Male) |
| 2:08 | Create | Villager (Male) |
| 2:08 | Create | Villager (Male) |
| 2:27 | Build | Lumber Camp |
| 2:52 | Create | Villager (Male) |
| 2:52 | Create | Villager (Male) |
| 3:10 | Create | Villager (Male) |
| 3:10 | Create | Villager (Male) |
| 3:48 | Create | Villager (Male) |
| 3:48 | Create | Villager (Male) |
| 3:58 | Build | House |
| 3:58 | Build | House |
| 4:12 | Create | Villager (Male) |
| 4:12 | Create | Villager (Male) |
| 4:35 | Create | Villager (Male) |
| 4:36 | Create | Villager (Male) |
| 4:41 | Build | Palisade Wall |
| 4:49 | Build | Mill |
| 5:01 | Create | Villager (Male) |
| 5:01 | Create | Villager (Male) |
| 5:24 | Create | Villager (Male) |
| 5:24 | Create | Villager (Male) |
| 5:51 | Create | Villager (Male) |
| 5:51 | Create | Villager (Male) |
| 5:51 | Create | Villager (Male) |
| 6:07 | Create | Villager (Male) |
| 6:07 | Create | Villager (Male) |
| 6:30 | Create | Villager (Male) |
| 6:30 | Create | Villager (Male) |
| 6:31 | Create | Villager (Male) |
| 6:43 | Create | Villager (Male) |
| 6:47 | Research | Loom |
| 6:47 | Research | Loom |
| 7:21 | Build | House |
| 7:23 | Build | Palisade Wall |
| 7:24 | Build | Palisade Wall |
| 7:32 | Research | Feudal Age |
| 7:32 | Research | Feudal Age |
| 7:49 | Build | Lumber Camp |
| 8:05 | Build | Palisade Wall |
| 8:54 | Build | Barracks |
| 9:18 | Create | Villager (Male) |
| 9:37 | Build | House |
| 9:43 | Age | Feudal Age |
| 9:46 | Create | Spearman |
| 9:47 | Create | Spearman |
| 9:51 | Create | Villager (Male) |
| 9:57 | Research | Double-Bit Axe |
| 9:57 | Research | Double-Bit Axe |
| 9:58 | Research | Horse Collar |
| 9:59 | Research | Horse Collar |
| 10:10 | Create | Spearman |
| 10:13 | Create | Villager (Male) |
| 10:38 | Create | Spearman |
| 10:46 | Create | Villager (Male) |
| 10:48 | Build | Mill |
| 11:02 | Create | Villager (Male) |
| 11:22 | Create | Villager (Male) |
| 11:24 | Build | Farm |
| 11:26 | Build | Farm |
| 11:29 | Build | Farm |
| 11:31 | Build | Farm |
| 11:50 | Create | Villager (Male) |
| 11:54 | Build | Farm |
| 11:55 | Build | Farm |
| 12:00 | Build | House |
| 12:01 | Build | House |
| 12:18 | Build | Farm |
| 12:18 | Build | Farm |
| 12:19 | Build | Farm |
| 12:41 | Create | Villager (Male) |
| 12:45 | Build | Farm |
| 12:47 | Build | Farm |
| 12:49 | Build | Farm |
| 12:49 | Create | Villager (Male) |
| 13:11 | Create | Villager (Male) |
| 13:30 | Create | Villager (Male) |
| 13:35 | Build | Archery Range |
| 13:41 | Create | Villager (Male) |
| 14:11 | Create | Villager (Male) |
| 14:20 | Build | Mining Camp |
| 14:26 | Create | Skirmisher |
| 14:27 | Create | Skirmisher |
| 14:30 | Create | Villager (Male) |
| 15:08 | Build | Blacksmith |
| 15:11 | Build | House |
| 15:15 | Create | Villager (Male) |
| 15:22 | Create | Villager (Male) |
| 15:31 | Build | Farm |
| 15:36 | Create | Skirmisher |
| 16:07 | Build | Farm |
| 16:08 | Create | Villager (Male) |
| 16:15 | Build | House |
| 16:32 | Research | Castle Age |
| 16:40 | Create | Skirmisher |
| 16:58 | Create | Skirmisher |
| 16:59 | Create | Villager (Male) |
| 17:02 | Build | Archery Range |
| 17:08 | Build | Stable |
| 17:17 | Research | Gold Mining |
| 17:47 | Create | Skirmisher |
| 17:52 | Build | Palisade Gate |
| 17:59 | Build | Palisade Wall |
| 18:04 | Create | Skirmisher |
| 18:48 | Create | Villager (Male) |
| 19:11 | Research | Fletching |
| 19:11 | Research | Fletching |
| 19:12 | Age | Castle Age |
| 19:13 | Create | Villager (Male) |
| 19:15 | Create | Knight |
| 19:15 | Create | Knight |
| 19:18 | Build | Town Center |
| 19:19 | Create | Villager (Male) |
| 19:26 | Build | Town Center |
| 19:36 | Research | Bow Saw |
| 19:36 | Research | Bow Saw |
| 19:37 | Create | Villager (Male) |
| 19:50 | Research | Bodkin Arrow |
| 19:50 | Research | Bodkin Arrow |
| 19:55 | Create | Villager (Male) |
| 20:14 | Create | Knight |
| 20:21 | Create | Villager (Male) |
| 20:25 | Build | Farm |
| 20:26 | Build | Farm |
| 20:30 | Build | Lumber Camp |
| 20:51 | Create | Knight |
| 21:22 | Build | Monastery |
| 21:24 | Create | Villager (Male) |
| 21:26 | Research | Wheelbarrow |
| 21:27 | Research | Wheelbarrow |
| 21:27 | Research | Wheelbarrow |
| 21:37 | Create | Knight |
| 21:40 | Create | Villager (Male) |
| 21:40 | Create | Villager (Male) |
| 21:41 | Create | Villager (Male) |
| 21:41 | Create | Villager (Male) |
| 21:44 | Create | Villager (Male) |
| 21:57 | Research | Elite Skirmisher (upgrade) |
| 21:57 | Research | Elite Skirmisher (upgrade) |
| 21:57 | Research | Elite Skirmisher (upgrade) |
| 22:03 | Build | House |
| 22:04 | Build | House |
Build order — Yukasha
First 150 of 769 actions detected
| 0:00 | Create | Villager (Male) ×5 |
| 0:00 | Create | Villager (Male) ×5 |
| 0:02 | Build | House |
| 0:03 | Build | House |
| 1:22 | Create | Villager (Male) |
| 1:34 | Build | Lumber Camp |
| 1:56 | Create | Villager (Male) |
| 2:29 | Create | Villager (Male) |
| 2:50 | Build | House |
| 2:52 | Build | House |
| 2:56 | Create | Villager (Male) |
| 2:56 | Create | Villager (Male) |
| 3:14 | Create | Villager (Male) |
| 3:39 | Create | Villager (Male) |
| 3:39 | Create | Villager (Male) |
| 3:52 | Build | Mill |
| 4:01 | Create | Villager (Male) |
| 4:23 | Create | Villager (Male) |
| 4:23 | Create | Villager (Male) |
| 5:01 | Create | Villager (Male) |
| 5:01 | Research | Loom |
| 6:29 | Research | Feudal Age |
| 6:52 | Create | Villager (Male) |
| 7:41 | Build | Barracks |
| 8:33 | Age | Feudal Age |
| 8:35 | Build | Stable |
| 8:35 | Create | Spearman |
| 8:37 | Research | Double-Bit Axe |
| 8:44 | Create | Villager (Male) |
| 8:51 | Create | Spearman |
| 8:54 | Build | House |
| 8:58 | Build | Farm |
| 9:07 | Create | Villager (Male) |
| 9:18 | Create | Scout Cavalry |
| 9:30 | Create | Villager (Male) |
| 9:36 | Build | Mill |
| 9:40 | Build | House |
| 10:02 | Create | Villager (Male) |
| 10:10 | Build | House |
| 10:12 | Create | Villager (Male) |
| 10:16 | Build | Farm |
| 10:33 | Create | Villager (Male) |
| 10:36 | Build | Farm |
| 10:37 | Build | Farm |
| 10:47 | Build | Palisade Wall |
| 10:49 | Create | Villager (Male) |
| 10:57 | Build | Farm |
| 11:15 | Create | Villager (Male) |
| 11:28 | Build | House |
| 11:33 | Build | Farm |
| 11:36 | Create | Villager (Male) |
| 11:42 | Create | Villager (Male) |
| 11:52 | Build | Farm |
| 11:58 | Create | Villager (Male) |
| 12:02 | Build | House |
| 12:04 | Create | Villager (Male) |
| 12:13 | Create | Villager (Male) |
| 12:34 | Build | Archery Range |
| 12:47 | Create | Villager (Male) |
| 13:01 | Build | House |
| 13:02 | Build | Palisade Wall |
| 13:07 | Research | Horse Collar |
| 13:11 | Build | Palisade Wall |
| 13:25 | Create | Villager (Male) |
| 13:27 | Build | Mining Camp |
| 13:30 | Create | Archer |
| 13:31 | Build | Palisade Wall |
| 13:35 | Create | Villager (Male) |
| 13:42 | Build | Palisade Wall |
| 13:53 | Create | Villager (Male) |
| 13:58 | Create | Archer |
| 14:07 | Build | Farm |
| 14:09 | Create | Villager (Male) |
| 14:21 | Create | Archer |
| 14:35 | Build | House |
| 14:36 | Build | Palisade Wall |
| 14:39 | Create | Villager (Male) |
| 14:50 | Build | Farm |
| 14:51 | Build | Farm |
| 14:54 | Create | Villager (Male) |
| 15:06 | Build | Farm |
| 15:11 | Create | Villager (Male) |
| 15:15 | Build | Farm |
| 15:24 | Create | Skirmisher |
| 15:26 | Create | Skirmisher |
| 15:51 | Create | Villager (Male) |
| 16:08 | Build | Lumber Camp |
| 16:09 | Create | Villager (Male) |
| 16:13 | Build | House |
| 16:17 | Create | Villager (Male) |
| 16:24 | Create | Skirmisher |
| 16:24 | Create | Skirmisher |
| 17:05 | Research | Castle Age |
| 17:35 | Build | Archery Range |
| 17:38 | Research | Gold Mining |
| 17:52 | Build | Lumber Camp |
| 18:01 | Create | Villager (Male) |
| 18:35 | Create | Skirmisher |
| 18:35 | Create | Skirmisher |
| 18:42 | Build | Archery Range |
| 19:18 | Build | Farm |
| 19:25 | Build | Archery Range |
| 19:30 | Age | Castle Age |
| 19:33 | Create | Cavalry Archer |
| 19:34 | Create | Cavalry Archer |
| 19:35 | Research | Bow Saw |
| 19:37 | Create | Villager (Male) |
| 19:42 | Create | Knight |
| 19:45 | Research | Bloodlines |
| 19:45 | Create | Villager (Male) |
| 19:54 | Create | Villager (Male) |
| 20:00 | Build | Blacksmith |
| 20:07 | Create | Villager (Male) |
| 20:16 | Build | Palisade Gate |
| 20:23 | Create | Villager (Male) |
| 20:26 | Create | Cavalry Archer ×2 |
| 20:30 | Build | Farm |
| 20:32 | Build | Farm |
| 20:39 | Build | Farm |
| 20:44 | Research | Fletching |
| 20:57 | Create | Villager (Male) |
| 21:02 | Create | Cavalry Archer |
| 21:04 | Build | Farm |
| 21:05 | Build | Farm |
| 21:11 | Create | Villager (Male) |
| 21:20 | Build | Mining Camp |
| 21:26 | Create | Villager (Male) |
| 21:28 | Create | Cavalry Archer |
| 21:38 | Research | Bodkin Arrow |
| 21:44 | Build | Market |
| 21:46 | Create | Villager (Male) |
| 21:46 | Create | Cavalry Archer |
| 21:49 | Build | House |
| 21:58 | Create | Villager (Male) |
| 22:03 | Create | Cavalry Archer |
| 22:03 | Create | Cavalry Archer |
| 22:05 | Build | Monastery |
| 22:14 | Create | Villager (Male) |
| 22:14 | Create | Cavalry Archer |
| 22:21 | Build | House |
| 22:22 | Create | Villager (Male) |
| 22:23 | Create | Cavalry Archer |
| 22:23 | Create | Cavalry Archer |
| 22:30 | Research | Padded Archer Armor |
| 22:37 | Create | Cavalry Archer |
| 22:37 | Create | Cavalry Archer |
| 22:48 | Create | Cavalry Archer |
| 22:56 | Create | Villager (Male) |
| 22:57 | Create | Cavalry Archer |
| 22:57 | Create | Cavalry Archer |
Match timeline
| 4:41 | 73_Quảng Bình · wall_segment Palisade Wall x1 |
| 7:23 | 73_Quảng Bình · wall_segment Palisade Wall x13 |
| 7:24 | 73_Quảng Bình · wall_segment Palisade Wall x1 |
| 7:41 | Yukasha · first_building Barracks |
| 8:05 | 73_Quảng Bình · wall_segment Palisade Wall x15 |
| 8:33 | Yukasha · age_up feudal |
| 8:35 | Yukasha · first_building Stable |
| 8:54 | 73_Quảng Bình · first_building Barracks |
| 9:43 | 73_Quảng Bình · age_up feudal |
| 10:47 | Yukasha · wall_segment Palisade Wall x5 |
| 12:34 | Yukasha · first_building Archery Range |
| 13:02 | Yukasha · wall_segment Palisade Wall x2 |
| 13:11 | Yukasha · wall_segment Palisade Wall x3 |
| 13:31 | Yukasha · wall_segment Palisade Wall x10 |
| 13:35 | 73_Quảng Bình · first_building Archery Range |
| 13:42 | Yukasha · wall_segment Palisade Wall x8 |
| 14:36 | Yukasha · wall_segment Palisade Wall x9 |
| 17:08 | 73_Quảng Bình · first_building Stable |
| 17:59 | 73_Quảng Bình · wall_segment Palisade Wall x4 |
| 19:12 | 73_Quảng Bình · age_up castle |
| 19:30 | Yukasha · age_up castle |
| 21:22 | 73_Quảng Bình · first_building Monastery |
| 22:05 | Yukasha · first_building Monastery |
| 25:57 | Yukasha · first_market_sell 100 stone |
| 27:00 | Yukasha · first_market_buy 100 wood |
| 33:13 | 73_Quảng Bình · age_up imperial |
| 33:53 | Yukasha · first_building Castle |
| 35:00 | 73_Quảng Bình · first_market_sell 100 food |
| 35:11 | 73_Quảng Bình · first_market_buy 100 food |
| 36:54 | 73_Quảng Bình · first_building Castle |
| 37:22 | Yukasha · first_building Siege Workshop |
| 39:39 | 73_Quảng Bình · wall_segment Palisade Wall x3 |
| 39:40 | 73_Quảng Bình · wall_segment Palisade Wall x3 |
| 45:25 | 73_Quảng Bình · wall_segment Stone Wall x3 |
| 47:20 | 73_Quảng Bình · wall_segment Stone Wall x1 |
| 53:17 | 73_Quảng Bình · wall_segment Stone Wall x1 |
| 53:17 | 73_Quảng Bình · wall_segment Stone Wall x1 |
| 53:43 | 73_Quảng Bình · wall_segment Stone Wall x1 |
| 53:44 | 73_Quảng Bình · wall_segment Stone Wall x1 |
| 53:53 | 73_Quảng Bình · wall_segment Stone Wall x1 |
| 53:54 | 73_Quảng Bình · wall_segment Stone Wall x1 |
| 55:24 | 73_Quảng Bình · resign |
[ AI ANALYSIS · 1 CREDIT ]
What really happened in this match?
Wolo.gg analyzes every decision: build order, eco, micro, common mistakes by bracket. Personalized analysis on WhatsApp or Discord in 30 seconds.
Civ guide
Italians
Perfil
Jugador #20104886